 Dungeon Sprint DCSS version 0.21.0-25-ge575cb9 (webtiles) character file.

200 doot the Covert (level 5, -8/25 HPs)
             Began as a Spriggan Enchanter on Jan 26, 2018.
             Was a Believer of Lugonu.
             Mangled by a killer bee (12 damage)
             ... in the Dungeon (Sprint IV: "Fedhas' Mad Dash").
             The game lasted 00:04:30 (951 turns).

doot the Covert (Spriggan Enchanter)                 Turns: 951, Time: 00:04:30

Health: -8/25      AC:  2    Str:  4    XL:     5   Next: 49%
Magic:  1/15       EV: 20    Int: 17    God:    Lugonu [**....]
Gold:   63         SH:  0    Dex: 19    Spells: 8/17 levels left

rFire    . . .     SeeInvis +   a - +1 dagger
rCold    . . .     Gourm    .   (shield restricted)
rNeg     . . .     Faith    .   b - +0 robe
rPois    .         Spirit   .   (helmet restricted)
rElec    .         Reflect  .   (no cloak)
rCorr    .         Harm     .   (gloves unavailable)
MR       .....     NoTele   +   (boots unavailable)
Stlth    +++++.....             i - amulet of invisibility {+Inv}
HPRegen  0.08/turn              (no ring)
MPRegen  0.14/turn              (no ring)

@: very slightly contaminated, very quick
A: very small, unfitting armour, thin skeletal structure 1, see invisible,
herbivore, speed 3, slow metabolism 2
a: Bend Space, Renounce Religion, Evoke Invisibility


You were in the Dungeon.
You worshipped Lugonu.
Lugonu was pleased with you.
You were not hungry.

You visited 1 branch You collected 63 gold pieces.

Inventory:

Hand Weapons
 a - a +1 dagger (weapon)
Armour
 b - a +0 robe (worn)
Jewellery
 i - the amulet of invisibility (around neck) {+Inv}
   (You found it in the Dungeon)

   [amulet of nothing]

   It lets you turn invisible.
Scrolls
 j - 2 scrolls of blinking
Potions
 e - a potion of curing
 g - a potion of haste
 h - 2 potions of magic
Books
 c - a book of Maledictions

   Spells                             Type                      Level
   a - Corona                         Hexes                        1
   b - Ensorcelled Hibernation        Hexes/Ice                    2
   c - Confuse                        Hexes                        3
   d - Tukima's Dance                 Hexes                        3
   e - Dazzling Spray                 Conjuration/Hexes            3
Comestibles
 d - a ration


   Skills:
 + Level 0.8 Fighting
 + Level 2.2 Short Blades
 + Level 4.5 Dodging
 + Level 9.5 Stealth
 + Level 6.7 Spellcasting
 + Level 8.3 Hexes
 * Level 6.1 Evocations


You had 8 spell levels left.
You knew the following spells:

 Your Spells              Type           Power        Failure   Level  Hunger
a - Corona                Hex            ####...      1%          1    None
b - Ensorcelled Hibernat  Hex/Ice        ###...       3%          2    None
c - Confuse               Hex            ####....     1%          3    ##.....
d - Tukima's Dance        Hex            ####....     1%          3    ##.....


Dungeon Overview and Level Annotations

Branches:
Dungeon (1/1)

Altars:
Cheibriados
Dithmenos
Elyvilon
Gozag
Hepliaklqana
Kikubaaqudgha
Makhleb
Nemelex Xobeh
Okawaru
Qazlal
Ru
Sif Muna
Trog
Uskayaw
Vehumet
Wu Jian
Xom
Yredelemnul
Zin
The Shining One
Beogh
Jiyva
Lugonu


Innate Abilities, Weirdness & Mutations

You are very small and have problems with some larger weapons.
You are too small for most types of armour.
You have supernaturally acute eyesight. (SInv)
You are a herbivore.
You cover ground extremely quickly.
You need consume almost no food.
You have a somewhat thin skeletal structure. (Dex +2, Stealth)


Message History

Lugonu accepts your kill.
Your Hexes skill increases to level 8!
Your Evocations skill increases to level 6!
The killer bee misses you. Space bends around you!
You blink.
The killer bee rages.
Space bends around you!
You blink.
The killer bee barely misses you. x2
The killer bee stings you!
Ouch! That really hurt!
* * * LOW HITPOINT WARNING * * *
Unknown command.
The killer bee rages.
There is an open door here.
You see here a killer bee corpse.
The killer bee misses you.
The queen bee stings itself.
The killer bee completely misses you. The queen bee stings you.
* * * LOW HITPOINT WARNING * * *
The killer bee stings you!
You die...

###############################
#<..P#.....#.....#.⌠._._._._.⌠.
#PP..'.)...'.#@y.†.._._._._._..
#PPPP#.....#.#y..#..._._._._...
###############'##.._._._._._..
#y..♣...y...y'...#._._._._._.⌠.
#%..y..♣.....#.†.##############
#y....♣..♣..######
##+####+#####


You could see a queen bee (confused) and a killer bee (berserk).

Vanquished Creatures
  3 oklob saplings (D)
  A killer bee (D)
  A worker ant (D)
  A river rat (D)
  A rat (D)
7 creatures vanquished.

Vanquished Creatures (collateral kills)
  A killer bee (D)
1 creature vanquished.

Grand Total: 8 creatures vanquished

Notes
Turn   | Place    | Note
-------+----------+-------------------------------------------
     0 | D        | doot the Spriggan Enchanter began the quest for the Orb.
     0 | D        | Reached XP level 1. HP: 9/9 MP: 5/5
   291 | D        | Reached skill level 5 in Stealth
   291 | D        | Reached XP level 2. HP: 13/13 MP: 7/7
   371 | D        | Learned a level 2 spell: Ensorcelled Hibernation
   372 | D        | Noticed an oklob sapling
   375 | D        | Found the amulet of invisibility {+Inv}
   376 | D        | Reached skill level 6 in Stealth
   376 | D        | Reached skill level 5 in Hexes
   376 | D        | Reached XP level 3. HP: 16/16 MP: 7/9
   381 | D        | Learned a level 3 spell: Confuse
   405 | D        | Found an opulent altar of Gozag.
   405 | D        | Found a hazy altar of Hepliaklqana.
   405 | D        | Found a roughly hewn altar of Beogh.
   405 | D        | Found a snail-covered altar of Cheibriados.
   406 | D        | Found a viscous altar of Jiyva.
   406 | D        | Found a burning altar of Makhleb.
   406 | D        | Found a sparkling altar of Nemelex Xobeh.
   406 | D        | Found a sacrificial altar of Ru.
   406 | D        | Found a deep blue altar of Sif Muna.
   406 | D        | Found a bloodstained altar of Trog.
   406 | D        | Found an ornate altar of the Wu Jian Council.
   406 | D        | Found a shimmering altar of Xom.
   406 | D        | Found a basalt altar of Yredelemnul.
   406 | D        | Noticed an oklob sapling priest
   407 | D        | Found an iron altar of Okawaru.
   407 | D        | Found a glowing silver altar of Zin.
   407 | D        | Found a shadowy altar of Dithmenos.
   408 | D        | Found a hide-covered altar of Uskayaw.
   408 | D        | Found an ancient bone altar of Kikubaaqudgha.
   409 | D        | Found a stormy altar of Qazlal.
   409 | D        | Found a glowing golden altar of the Shining One.
   409 | D        | Found a white marble altar of Elyvilon.
   410 | D        | Found a radiant altar of Vehumet.
   410 | D        | Found a corrupted altar of Lugonu.
   426 | D        | Killed an oklob sapling priest
   426 | D        | Reached skill level 8 in Stealth
   426 | D        | Reached skill level 5 in Spellcasting
   426 | D        | Reached XP level 4. HP: 21/21 MP: 6/12
   432 | D        | Became a worshipper of Lugonu the Unformed
   432 | D        | Reached * piety under Lugonu
   437 | D        | Learned a level 3 spell: Tukima's Dance
   464 | D        | Gained mutation: You have a somewhat thin skeletal structure. (Dex +2, Stealth) [mutagenic glow]
   820 | D        | Noticed a queen bee
   856 | D        | Reached ** piety under Lugonu
   856 | D        | Reached skill level 9 in Stealth
   856 | D        | Reached skill level 5 in Evocations
   856 | D        | Reached XP level 5. HP: 20/25 MP: 3/14
   951 | D        | Mangled by a killer bee

Skill      XL: |  1  2  3  4  5 |
---------------+----------------+-----
Stealth        | 5 6 8 9 |  9.5
Spellcasting   | 3 4 5 6 |  6.7
Hexes          | 4 5 6 7 8 |  8.3
Short Blades   | 2 |  2.2
Dodging        | 4 |  4.5
Evocations     | 2 5 6 |  6.1
Fighting       | |  0.8

Action                   |  1- 3 |  4- 6 || total
-------------------------+-------+-------++-------
Melee: Dagger            |    30 |     4 ||    34
 Cast: Corona            |     6 |       ||     6
       Confuse           |     1 |     7 ||     8
       Ensorcelled Hiber |       |     3 ||     3
Invok: Bend Space        |       |     2 ||     2
 Abil: Evoke Invisibilit |     1 |     3 ||     4
  Use: Potion            |     1 |     1 ||     2
 Stab: Sleeping          |     1 |     2 ||     3
       Invisible         |     2 |     1 ||     3
Dodge: Dodged            |    14 |    11 ||    25
